 Dungeon Crawl Stone Soup version 0.23.2-33-g5129a83184 (webtiles) character file.

Game seed: 6759716336685603188

99 DorianNounverber the Digger (level 4, -1/25 HPs)
             Began as a Gargoyle Earth Elementalist on July 22, 2019.
             Slain by an orc priest
             ... wielding a +1 whip of venom
              (3 damage)
             ... on level 3 of the Dungeon.
             The game lasted 00:06:17 (1977 turns).

DorianNounverber the Digger (GrEE)                  Turns: 1977, Time: 00:06:18

Health: -1/25      AC:  5    Str: 11    XL:     4   Next: 72%
Magic:  0/8        EV: 12    Int: 17    God:
Gold:   174        SH:  0    Dex: 10    Spells: 1/9 levels left

rFire    . . .     SeeInvis .   g - +2 dagger (protect)
rCold    . . .     Gourm    .   (no shield)
rNeg     + . .     Faith    .   c - +0 robe
rPois    ∞         Spirit   +   (no helmet)
rElec    +         Reflect  .   h - scarf {Spirit}
rCorr    .         Harm     .   (no gloves)
MR       .....                  (no boots)
Stlth    ++........             (no amulet)
HPRegen  0.08/turn              (no ring)
MPRegen  0.11/turn              (no ring)

@: no status effects
A: negative energy resistance 1, electricity resistance, unbreathing,
petrification resistance, rot immunity, AC +3
a: no special abilities


You were on level 3 of the Dungeon.
You were not hungry.

You visited 1 branch of the dungeon, and saw 3 of its levels.

You collected 174 gold pieces.

Inventory:

Hand Weapons
 f - a +0 club
 g - a +2 dagger of protection (weapon)
Missiles
 b - 99 stones (quivered)
Armour
 c - a +0 robe (worn)
 h - a scarf of spirit shield (worn)
Scrolls
 e - 2 scrolls of fog {unknown}
 i - a scroll of teleportation {unknown}
 n - a scroll of identify {unknown}
 o - a scroll of noise {unknown}
Potions
 a - a potion of invisibility {unknown}
 j - 3 potions of cancellation {unknown}
 k - 2 potions of curing {unknown}
 l - a potion of heal wounds {unknown}
 m - a potion of brilliance {unknown}
Comestibles
 d - 12 rations
 p - 2 chunks of flesh


   Skills:
 + Level 1.4 Fighting
 + Level 2.0 Dodging
 - Level 2.1 Stealth
 * Level 3.0 Spellcasting
 + Level 0.3 Conjurations
 - Level 0.7 Transmutations
 * Level 4.7 Earth Magic


You had one spell level left.
You knew the following spells:

 Your Spells              Type           Power        Failure   Level  Hunger
a - Sandblast             Erth           ###...       2%          1    None
b - Stone Arrow           Conj/Erth      ##....       19%         3    ###....
c - Petrify               Tmut/Erth      ##......     50%         4    ####...

Your spell library contained the following spells:

 Spells                   Type           Power        Failure   Level  Hunger
 Passwall                 Tmut/Erth      ##......     9%          2    ##.....
 Lee's Rapid Deconstruct  Erth           ###.......   56%         5    ######.


Dungeon Overview and Level Annotations

Branches:
Dungeon (3/15)

Altars:
Elyvilon
Hepliaklqana
Nemelex Xobeh


Innate Abilities, Weirdness & Mutations

You are resistant to torment.
Your stone body is resilient. (AC +3)
You are immune to poison.
You resist negative energy. (rN+)
You are resistant to electric shocks. (rElec)
You can survive without breathing.
You are immune to petrification.
You are immune to rotting.


Message History

The orc priest mumbles some strange prayers to Beogh against you.
Beogh smites you!
Ouch! That really hurt!
* * * LOW HITPOINT WARNING * * *
A goblin comes into view.
Casting: Sandblast (safe; 2% risk of failure)
Confirm with . or Enter, or press ? or * to list all spells.
Aiming: Sandblast (safe; 2% risk of failure)
Press: ? - help, Shift-Dir - straight line, f/p - orc priest
Aim: an orc priest, wielding a +1 whip of venom and wearing a +0 chain mail (heavily wounded)
The blast of sand hits the orc priest but does no damage.
The orc priest is heavily wounded.
b - 99 stones The goblin shouts!
The orc priest hits you with a +1 whip of venom.
* * * LOW HITPOINT WARNING * * *
You closely miss the orc priest.
The orc priest is heavily wounded.
The orc priest hits you with a +1 whip of venom.
You die...

#.....(..............
#...........†.....###
####.#.#.#.###...#...##
#.....†#.#.# #.....#...
.##....###.#.#
#...#...##
#.........#.#.#
######.###
#.#######.#.#.# #.# #
## #†o.#.# #.# #
#######@###.## #.# #
'g.o..'......# #. #
###.###.###..# #.###
#.# #..# #...< #)# #..#
##### ........# #>.# #
.....#### #..# ....
#..# ### #..#


You could see an orc priest, an orc and a goblin.

Vanquished Creatures
  3 adders
  A shadow imp (D:3)
  An ooze (D:3)
  A worm (D:2)
  A dart slug (D:2)
  A leopard gecko (D:2)
  2 orcs (D:3)
  5 bats
  2 giant cockroaches
  3 goblins (D:1)
  8 hobgoblins
  2 jackals (D:2)
  11 kobolds
  A frilled lizard (D:1)
  11 rats
53 creatures vanquished.

Notes
Turn   | Place    | Note
-------+----------+-------------------------------------------
     0 | D:1      | DorianNounverber the Gargoyle Earth Elementalist began the
                  | quest for the Orb.
     0 | D:1      | Reached XP level 1. HP: 10/10 MP: 3/3
   439 | D:1      | Reached XP level 2. HP: 16/16 MP: 5/5
   551 | D:1      | Reached skill level 4 in Earth Magic
   897 | D:1      | Reached XP level 3. HP: 12/20 MP: 1/6
   902 | D:1      | Learned a level 3 spell: Stone Arrow
  1292 | D:2      | Found a hazy altar of Hepliaklqana.
  1341 | D:2      | Reached skill level 1 in Fighting
  1527 | D:2      | Reached XP level 4. HP: 25/25 MP: 6/8
  1533 | D:2      | Learned a level 4 spell: Petrify
  1552 | D:2      | Found a white marble altar of Elyvilon.
  1747 | D:2      | Found a faded altar of an unknown god.
  1925 | D:3      | Found a sparkling altar of Nemelex Xobeh.
  1977 | D:3      | Slain by an orc priest

Skill      XL: |  1  2  3  4 |
---------------+-------------+-----
Earth Magic    | 4 |  4.7
Fighting       | 1 |  1.4
Dodging        | 2 |  2.0
Spellcasting   | 3 |  3.0
Stealth        | |  2.1
Conjurations   | |  0.3
Transmutations | |  0.7

Action                   |  1- 3 |  4- 6 || total
-------------------------+-------+-------++-------
Melee: Unarmed           |    20 |       ||    20
       Club              |    29 |       ||    29
       Dagger            |   118 |    49 ||   167
 Cast: Sandblast         |    10 |     2 ||    12
       Stone Arrow       |       |     3 ||     3
 Stab: Sleeping          |     1 |     1 ||     2
  Eat: Ration            |     1 |       ||     1
       Chunk             |       |     1 ||     1
Armor: Robe              |    77 |    10 ||    87
Dodge: Dodged            |   124 |    31 ||   155
